 Dungeon Crawl Stone Soup version 0.27.1-34-g3ba077fa99 (webtiles) character file.

Game seed: 13415787188052261711

6 Descartes the Firebug (level 1, 0/12 HPs)
             Began as a Deep Elf Wanderer on Jan 18, 2022.
             Slain by a jackal (2 damage)
             ... on level 1 of the Dungeon.
             The game lasted 00:01:27 (320 turns).

Descartes the Firebug (Deep Elf Wanderer)            Turns: 320, Time: 00:01:27

Health: 0/12       AC:  2    Str: 11    XL:     1   Next: 75%
Magic:  4/4        EV: 12    Int: 15    God:
Gold:   0          SH:  0    Dex: 13    Spells: 2/2 levels left

rFire    . . .     SeeInvis .   a - +0 quarterstaff
rCold    . . .     Faith    .   (shield currently unavailable)
rNeg     . . .     Spirit   .   b - +0 robe
rPois    .         Reflect  .   (no helmet)
rElec    .         Harm     .   (no cloak)
rCorr    .         Rampage  .   (no gloves)
Will     .....                  (no boots)
Stlth    ++........             (no amulet)
HPRegen  0.04/turn              (no ring)
MPRegen  0.09/turn              (no ring)

@: no status effects
A: no striking features
a: no special abilities


You were on level 1 of the Dungeon.
You visited 1 branch of the dungeon, and saw 1 of its levels.

Inventory:

Hand Weapons
 a - a +0 quarterstaff (weapon)
 c - a +0 dagger
Missiles
 e - 20 stones (quivered)
Armour
 b - a +0 robe (worn)
 d - a +0 tower shield
Scrolls
 f - a scroll of fog {unknown}


   Skills:
 - Level 1.0 Fighting
 - Level 1.0 Staves
 - Level 1.2 Dodging
 - Level 2.4 Stealth
 + Level 0.4 Shields
 + Level 1.0 Spellcasting
 - Level 2.1 Transmutations
 - Level 3.2 Fire Magic
 + Level 0.6 Earth Magic


You had 2 spell levels left.
You didn't know any spells.
Your spell library contained the following spells:

 Spells                   Type           Power      Damage    Failure   Level
 Sandblast                Erth           4%         2d4       19%         1
 Passwall                 Tmut/Erth      4%         N/A       21%         2
 Pain                     Necr           0%         1d4       24%         1
 Stone Arrow              Conj/Erth      2%         3d7       54%         3
 Vampiric Draining        Necr           0%         2d6       58%         3
 Petrify                  Tmut/Erth      5%         N/A       80%         4


Dungeon Overview and Level Annotations

Branches:
Dungeon (1/15)

Altars:


Message History

The jackal is almost dead.
The jackal barely misses you. The jackal closely misses you.
You hit the jackal but do no damage.
The jackal is almost dead.
The jackal bites you but does no damage.
You barely miss the jackal.
The jackal is almost dead.
The jackal barely misses you.
The jackal bites you but does no damage.
You closely miss the jackal.
The jackal is almost dead.
The jackal closely misses you. The jackal barely misses you.
You closely miss the jackal.
The jackal is severely wounded.
The jackal bites you. The jackal closely misses you.
You closely miss the jackal.
The jackal is severely wounded.
The jackal bites you but does no damage.
You closely miss the jackal.
The jackal is severely wounded.
The jackal bites you. The jackal barely misses you.
You closely miss the jackal.
The jackal is severely wounded.
The jackal misses you. The jackal bites you.
You don't know any spells.
You sock the jackal!
You kill the jackal!
The jackal bites you.
* * * LOW HITPOINT WARNING * * *
Your Spellcasting skill increases to level 1!
You barely miss the jackal. The jackal bites you.
* * * LOW HITPOINT WARNING * * *
The jackal bites you but does no damage.
You closely miss the jackal.
The jackal bites you but does no damage.
You aren't carrying any potions.
You barely miss the jackal. The jackal closely misses you.
The jackal bites you.
You die...

..###[## #.. ...
.J #.# #.##.###
#......#
##..###.#
#.#.#.# #.###
#....###...#
#.###.Jh@.#†#
#######.#####..#
#.........
#..####### #..#
#..# #..# #..#
#..#


You could see an endoplasm and a jackal.

Vanquished Creatures
  A ball python (D:1)
  A giant cockroach (D:1)
  2 jackals (D:1)
  A bat (D:1)
5 creatures vanquished.

Notes
Turn   | Place    | Note
-------+----------+-------------------------------------------
     0 | D:1      | Descartes the Deep Elf Wanderer began the quest for the
                  | Orb.
     0 | D:1      | Descartes set off with the following items: a +0
                  | quarterstaff, a +0 robe, a +0 dagger; and the following
                  | spells available to memorise: Pain, Sandblast, Passwall,
                  | Stone Arrow, Vampiric Draining, Petrify
     0 | D:1      | Reached XP level 1. HP: 12/12 MP: 3/3
   317 | D:1      | Reached skill level 1 in Spellcasting
   320 | D:1      | Slain by a jackal

Illustrated notes

Levels and vault maps discovered:
D:1:      nzn_arrival_crosshair, layout_loops_ring,
          ebering_ecumenical_altar_mist

Skill      XL: |  1 |
---------------+----+-----
Spellcasting   | 1 |  1.0
Fighting       | |  1.0
Staves         | |  1.0
Dodging        | |  1.2
Stealth        | |  2.4
Shields        | |  0.4
Transmutations | |  2.1
Fire Magic     | |  3.2
Earth Magic    | |  0.6

Action                   || total
-------------------------++-------
Melee: Quarterstaff      ||    25
Armor: Robe              ||    10
Dodge: Dodged            ||    27
